 Dungeon Crawl Stone Soup version 0.29.1-2-gbd0b4ee654 (webtiles) character file.

Game seed: 17668615592087006634

24 MisterFreud the Ducker (level 2, 0/14 HPs)
             Began as a Felid Berserker on Oct 24, 2022.
             Was a Believer of Trog.
             Succumbed to an adder's poison
             ... on level 2 of the Dungeon.
             The game lasted 00:01:09 (953 turns).

MisterFreud the Ducker (Felid Berserker)             Turns: 953, Time: 00:01:10

Health: 0/14       AC:  1    Str: 13    XL:     2   Next: 79%
Magic:  3/3        EV: 18    Int:  8    God:    Trog [**....]
Gold:   110        SH:  0    Dex: 15    Spells: 1/1 levels left
                                        Lives:  0   Deaths: 0

rFire   . . .      SeeInvis +     - Unarmed
rCold   . . .      Faith    .   (shield unavailable)
rNeg    . . .      Spirit   .   (body armour unavailable)
rPois   .          Reflect  .   (helmet unavailable)
rElec   .          Harm     .   (cloak unavailable)
rCorr   .          Rampage  .   (gloves unavailable)
Will    .....                   (boots unavailable)
Stlth   ++........              (no amulet)
HPRegen 0.04/turn               (no ring)
MPRegen 0.08/turn               (no ring)

@: lethally poisoned (0 -> -5), quick
A: very small, claws 1, fangs 3, see invisible, speed 1, shaggy fur 1, stealthy
paws, no weapons or thrown items, no armour, multi-lived
a: Renounce Religion, Berserk, Trog's Hand


You were on level 2 of the Dungeon.
You worshipped Trog.
Trog was pleased with you.
You visited 1 branch of the dungeon, and saw 2 of its levels.

You collected 110 gold pieces.

Inventory:

Scrolls
 a - 2 scrolls of teleportation {unknown}
 b - a scroll of acquirement {unknown}
Potions
 c - a potion of curing
 d - 2 potions of haste


   Skills:
 - Level 3.0 Fighting
 - Level 4.0 Dodging
 + Level 2.5 Stealth
 + Level 3.5 Unarmed Combat


You had one spell level left.
You didn't know any spells.
Your spell library was empty.

Dungeon Overview and Level Annotations

Branches:
Dungeon (2/15)

Altars:


Innate Abilities, Weirdness & Mutations

You have sharp claws.
You have razor-sharp teeth.
You have supernaturally acute eyesight. (SInv)
You cover ground quickly. (Speed+)
You are covered in fur. (AC +1)
Your paws help you pounce on unaware monsters.
You are incapable of wielding weapons or throwing items.
You cannot wear armour.
You gain extra lives every three experience levels.


Message History

The adder is heavily wounded.
An adder comes into view.
The adder misses you.
The adder hisses angrily.
You scratch the adder.
The adder is heavily wounded.
The adder bites you.
You are poisoned.
The adder poisons you! The goblin hits you with a +0 dagger.
You closely miss the hobgoblin.
You feel sick. The adder bites you.
* * * LOW HITPOINT WARNING * * *
Unknown command.
Okay, then.
Unknown command.
Unknown command.
Your skin crawls.
You feel strong-willed.
You feel sick. The adder misses you. The goblin barely misses you.
The hobgoblin barely misses you. The adder misses you.
The adder bites you but does no damage.
You feel sick. The adder closely misses you.
The adder attacks as you move away! The adder completely misses you.
You feel sick. The hobgoblin hits you.
* * * LOW HITPOINT WARNING * * *
You feel sick.
You are no longer poisoned.
The adder attacks as you move away! The adder bites you.
* * * LOW HITPOINT WARNING * * *
You feel the effects of Trog's Hand fading.
A kobold comes into view. It is wielding a +0 short sword.
The adder attacks as you move away! The adder bites you.
* * * LOW HITPOINT WARNING * * *
The adder attacks as you move away! The adder bites you.
* * * LOW HITPOINT WARNING * * *
You are poisoned.
The adder poisons you!
* * * LOW HITPOINT WARNING * * *
You feel sick. The adder closely misses you.
Your skin stops crawling.
You feel less strong-willed.
You die...

# #. #..#.
...# #..#.
...## ...
....#
#.###+##....#
#..<........#
#..@........
#.......#..
#..S†...# .
#..S....#
.K..##......#
........g.###
#########g.#
+..........#
#......S#.##


You could see 2 adders, a hobgoblin and a goblin.

Vanquished Creatures
  An endoplasm (D:1)
  A giant cockroach (D:1)
  3 goblins (D:1)
  5 hobgoblins
  A jackal (D:1)
  3 kobolds (D:1)
  2 quokkas (D:1)
  A ball python (D:2)
  2 bats (D:1)
  A rat (D:1)
20 creatures vanquished.

Notes
Turn   | Place    | Note
-------+----------+-------------------------------------------
     0 | D:1      | MisterFreud the Felid Berserker began the quest for the
                  | Orb.
     0 | D:1      | Reached XP level 1. HP: 10/10 MP: 2/2
   114 | D:1      | Reached skill level 1 in Stealth
   130 | D:1      | Reached XP level 2. HP: 5/14 MP: 3/3
   915 | D:2      | Reached ** piety under Trog
   953 | D:2      | Succumbed to an adder's poison

Illustrated notes

Levels and vault maps discovered:
D:1:      roderic_crop_circles_arrival_small, layout_loops_ring, st_stairs_5,
          minmay_misc_feat_rows
D:2:      layout_basic, serial_shops, shop

Skill      XL: |  1  2 |
---------------+-------+-----
Stealth        | 1 2 |  2.5
Fighting       | |  3.0
Dodging        | |  4.0
Unarmed Combat | |  3.5

Action                   || total
-------------------------++-------
Melee: Unarmed           ||    40
       Bite              ||     6
Invok: Trog's Hand       ||     1
  Use: Scroll            ||     3
 Stab: Sleeping          ||     5
       Distracted        ||     1
Armor: Skin              ||     1
Dodge: Dodged            ||    35
